 Dungeon Crawl Stone Soup version 0.27.0-1-g7a089689b8 (webtiles) character file.

Game seed: 17221100082926512165

23 AlmostDecent the Shield-Bearer (level 2, -1/19 HPs)
             Began as a Gargoyle Fighter on Aug 4, 2021.
             Killed from afar by Sigmund (11 damage)
             ... with a puff of flame
             ... on level 2 of the Dungeon.
             The game lasted 00:02:38 (1010 turns).

AlmostDecent the Shield-Bearer (Gargoyle Fighter)   Turns: 1010, Time: 00:02:38

Health: -1/19      AC: 12    Str: 19    XL:     2   Next: 95%
Magic:  2/2        EV:  5    Int:  8    God:
Gold:   17         SH:  9    Dex:  9    Spells: 1/1 levels left

rFire    . . .     SeeInvis .   h - +3 broad axe (vorpal)
rCold    . . .     Faith    .   c - +0 kite shield
rNeg     + . .     Spirit   .   e - +0 chain mail
rPois    ∞         Reflect  .   (no helmet)
rElec    +         Harm     .   (no cloak)
rCorr    .         Rampage  .   (no gloves)
Will     .....                  (no boots)
Stlth    ..........             (no amulet)
HPRegen  0.06/turn              (no ring)
MPRegen  0.08/turn              (no ring)

@: mighty
A: sickness immunity, AC +2, negative energy resistance 1, electricity
resistance, torment resistance 1, petrification resistance
a: no special abilities


You were on level 2 of the Dungeon.
You visited 1 branch of the dungeon, and saw 2 of its levels.

You collected 17 gold pieces.

Inventory:

Hand Weapons
 h - a +3 vorpal broad axe (weapon)
Armour
 c - a +0 kite shield (worn)
 e - a +0 chain mail (worn)
Scrolls
 a - a scroll of enchant weapon {unknown}
 g - a scroll of enchant armour {unknown}
Potions
 b - a potion of degeneration {unknown}
 f - a potion of berserk rage {unknown}


   Skills:
 - Level 3.4 Fighting
 * Level 2.7 Axes
 - Level 3.3 Armour
 - Level 3.4 Shields


You had one spell level left.
You didn't know any spells.
Your spell library contained the following spells:

 Spells                   Type           Power      Damage    Failure   Level
 Petrify                  Tmut/Erth      0%         N/A       100%        4
 Irradiate                Conj/Tmut      0%         3d13      100%        5
 Sublimation of Blood     Necr           Unusable   N/A       N/A         2

Dungeon Overview and Level Annotations

Branches:
Dungeon (2/15)

Altars:

Shops:
D:1 !

Annotations:
D:2 Natasha, Sigmund


Innate Abilities, Weirdness & Mutations

You are immune to sickness and miasma.
Your stone body is resilient. (AC +2)
You are immune to poison.
You resist negative energy. (rN+)
You are resistant to electric shocks. (rElec)
You are resistant to unholy torment.
You are immune to petrification.


Message History

A ball python is nearby!
You slash the ball python!
You kill the ball python!
No target in view!
No target in view!
No target in view!
No target in view!
There is a stone staircase leading down here.
You see here 24 arrows.
Found a stone staircase leading down.
No target in view!
No target in view!
No target in view!
No target in view!
No target in view!
You now have 17 gold pieces (gained 4).
Done exploring.
Done exploring.
There is a stone staircase leading down here.
You climb downwards.
Sigmund and Natasha come into view.
Natasha hisses angrily.
Found a robe and a whip.
There is a stone staircase leading up here.
Found 9 gold pieces.
You feel very mighty all of a sudden.
Natasha mumbles some strange words.
Sigmund hits you from afar with a +0 scythe!
Sigmund barely misses you.
You hit Sigmund.
Sigmund is moderately wounded.
Sigmund laughs darkly.
Sigmund hits you but does no damage. You block Natasha's attack.
Your shield prevents you from hitting Sigmund.
Sigmund is moderately wounded.
You closely miss Natasha. Sigmund casts a spell at you.
The puff of flame hits you!
Ouch! That really hurt!
You die...

###########
#.........#
#.........#
#.........#
#.........#
#)........#
#.....@...#
#.....h@..#
.....5....#
.......[<.#
#####.#####
... ..$#
..... .....
....


You could see Sigmund, Natasha and a crimson imp (summoned).

Vanquished Creatures
  A dart slug (D:1)
  A ball python (D:1)
  2 bats (D:1)
  2 endoplasms (D:1)
  3 goblins (D:1)
  3 hobgoblins (D:1)
  A kobold (D:1)
  A quokka (D:1)
  2 frilled lizards (D:1)
  A rat (D:1)
17 creatures vanquished.

Notes
Turn   | Place    | Note
-------+----------+-------------------------------------------
     0 | D:1      | AlmostDecent the Gargoyle Fighter began the quest for the
                  | Orb.
     0 | D:1      | Reached XP level 1. HP: 14/14 MP: 1/1
   464 | D:1      | Reached XP level 2. HP: 19/19 MP: 2/2
   472 | D:1      | Found Gouraam's Distillery.
  1005 | D:2      | Noticed Natasha
  1005 | D:2      | Noticed Sigmund
  1008 | D:2      | Noticed a crimson imp
  1010 | D:2      | Killed from afar by Sigmund

Illustrated notes

Levels and vault maps discovered:
D:1:      dpeg_arrival_rhombus, layout_basic, serial_shops, shop
D:2:      layout_rooms, uniq_natasha, uniq_sigmund

Skill      XL: |  1 |
---------------+----+-----
Axes           | 2 |  2.7
Fighting       | |  3.4
Armour         | |  3.3
Shields        | |  3.4

Action                   || total
-------------------------++-------
Melee: War axe           ||    56
       Broad axe         ||    17
  Use: Potion            ||     1
Armor: Scale mail        ||    40
       Chain mail        ||    19
Dodge: Dodged            ||    20
Block: Kite shield       ||    36
